PCL
NEW ORLEANS ZEPHYRS @ NASHVILLE SOUNDS
08/22/2098
 
TOP OF THE 1ST
New Orleans Zephyrs batting - Pitching for Nashville Sounds : RHP John Thrailkill
Pitching: RHP John Thrailkill
Batting: LHB Moises Aguirre 0-0: Bunt for hit to 13S - play at first, batter OUT! 1-3
Batting: RHB Eric DiFazio 0-0: Called Strike
0-1: Ground out 5-3 (Groundball, 56, EV 85.0 MPH)
Batting: RHB Willie Amaro 0-0: SINGLE (Groundball, 34D, EV 101.3 MPH)
Batting: LHB Jason Strong 0-0: Swinging Strike
0-1: Called Strike
0-2: Ball
1-2: Ball
2-2: Foul Ball, location: 7LDF
2-2: Ball
3-2: Base on Balls
Willie Amaro to second
Batting: LHB John Casco 0-0: Ball
1-0: Ball
2-0: Fly out, F9 (Flyball, 9, EV 90.0 MPH)
Top of the 1st over - 0 runs, 1 hit, 0 errors, 2 left on base; New Orleans 0 - Nashville 0
BOTTOM OF THE 1ST
Nashville Sounds batting - Pitching for New Orleans Zephyrs : RHP Roberto Serrano
Pitching: RHP Roberto Serrano
Batting: LHB Chris West 0-0: Foul Ball, location: 2F
0-1: Fly out, F4 (Line Drive, 4M, EV 66.3 MPH)
Batting: RHB Fred Horrocks 0-0: Called Strike
0-1: Foul Ball, location: 2F
0-2: Ball
1-2: Ball
2-2: SINGLE (Groundball, 6MD, EV 102.5 MPH)
Batting: LHB Steve Tocci 0-0: Ball
1-0: Ball
2-0: Called Strike
2-1: Ball
3-1: Base on Balls
Fred Horrocks to second
Batting: LHB Mike Lucas 0-0: Called Strike
0-1: Foul Ball, location: 5DF
0-2: Foul Ball, location: 25F
0-2: Ball
1-2: Ball
2-2: Ball
3-2: DOUBLE (Line Drive, 7LS, EV 98.1 MPH)
Fred Horrocks scores
Steve Tocci to third
Batting: RHB Dallas Lentz 0-0: Ball
1-0: Ball
2-0: Called Strike
2-1: Fly out, F9 (Flyball, 9D, EV 103.8 MPH)
Batting: SHB Aaron Champion 0-0: Called Strike
0-1: Foul Ball, location: 2F
0-2: DOUBLE (Flyball, 8RXD, EV 110.6 MPH)
Steve Tocci scores
Mike Lucas scores
Batting: RHB Freddy Dawson 0-0: Ball
1-0: Ball
2-0: Foul Ball, location: 7LMF
2-1: SINGLE (Groundball, 13, EV 65.6 MPH) (infield hit)
Aaron Champion to third
Batting: RHB Parker Sanburn Jr. 0-0: Ball
1-0: Ball
2-0: Foul Ball, location: 9LMF
2-1: Foul Ball, location: 3SF
2-2: Strikes out swinging
Bottom of the 1st over - 3 runs, 4 hits, 0 errors, 2 left on base; New Orleans 0 - Nashville 3
TOP OF THE 2ND
New Orleans Zephyrs batting - Pitching for Nashville Sounds : RHP John Thrailkill
Batting: LHB Gareth Adams 0-0: Foul Ball, location: 3F
0-1: Fly out, F7 (Flyball, 7, EV 84.4 MPH)
Batting: RHB Jose Alegria 0-0: Ball
1-0: Foul Ball, location: 5FF
1-1: Ball
2-1: Foul Ball, location: 7LSFF
2-2: Foul Ball, location: 2F
2-2: Fly out, F9 (Flyball, 9S, EV 94.4 MPH)
Batting: RHB Tyler Ebert 0-0: Ball
1-0: Ball
2-0: Ground out 6-3 (Groundball, 6, EV 85.0 MPH)
Top of the 2nd over - 0 runs, 0 hits, 0 errors, 0 left on base; New Orleans 0 - Nashville 3
BOTTOM OF THE 2ND
Nashville Sounds batting - Pitching for New Orleans Zephyrs : RHP Roberto Serrano
Batting: RHB Kevin Hirst 0-0: Foul Ball, location: 2LF
0-1: Ball
1-1: Ball
2-1: Fly out, F7 (Flyball, 7, EV 82.5 MPH)
Batting: LHB Chris West 0-0: Called Strike
0-1: Fly out, F9 (Flyball, 9D, EV 106.9 MPH)
Batting: RHB Fred Horrocks 0-0: Called Strike
0-1: SINGLE (Line Drive, 89M, EV 104.4 MPH)
Batting: LHB Steve Tocci 0-0: Ball
1-0: Ball
2-0: Foul Ball, location: 2F
2-1: Ball
3-1: Base on Balls
Fred Horrocks to second
Batting: LHB Mike Lucas 0-0: Called Strike
0-1: Ball
1-1: Fly out, F8 (Flyball, 8LM, EV 93.1 MPH)
Bottom of the 2nd over - 0 runs, 1 hit, 0 errors, 2 left on base; New Orleans 0 - Nashville 3
TOP OF THE 3RD
New Orleans Zephyrs batting - Pitching for Nashville Sounds : RHP John Thrailkill
Batting: RHB Bobby Palomo 0-0: Called Strike
0-1: Ball
1-1: Ball
2-1: Called Strike
2-2: Strikes out swinging
Batting: LHB Moises Aguirre 0-0: Ball
1-0: Ball
2-0: Ground out 6-3 (Groundball, 6, EV 93.1 MPH)
Batting: RHB Eric DiFazio 0-0: Ball
1-0: Foul Ball, location: 2F
1-1: Ground out 6-3 (Groundball, 6, EV 83.1 MPH)
Top of the 3rd over - 0 runs, 0 hits, 0 errors, 0 left on base; New Orleans 0 - Nashville 3
BOTTOM OF THE 3RD
Nashville Sounds batting - Pitching for New Orleans Zephyrs : RHP Roberto Serrano
Batting: RHB Dallas Lentz 0-0: Ground out 6-3 (Groundball, 6MS, EV 80.6 MPH)
Batting: SHB Aaron Champion 0-0: Ball
1-0: Fly out, F9 (Flyball, 9LD, EV 101.9 MPH)
Batting: RHB Freddy Dawson 0-0: Swinging Strike
0-1: Ball
1-1: Foul Ball, location: 2F
1-2: Ball
2-2: Strikes out swinging
Bottom of the 3rd over - 0 runs, 0 hits, 0 errors, 0 left on base; New Orleans 0 - Nashville 3
TOP OF THE 4TH
New Orleans Zephyrs batting - Pitching for Nashville Sounds : RHP John Thrailkill
Batting: RHB Willie Amaro 0-0: Ball
1-0: Swinging Strike
1-1: Ball
2-1: SINGLE (Line Drive, 4M, EV 96.9 MPH)
Batting: LHB Jason Strong 0-0: Swinging Strike
0-1: Ball
1-1: Foul Ball, location: 23FF
1-2: Fly out, F6 (Popup, 15, EV 77.5 MPH)
Batting: LHB John Casco 0-0: Ball
1-0: Swinging Strike
1-1: Ball
Wild Pitch!
Willie Amaro to second
2-1: Ball
3-1: Base on Balls
Batting: LHB Gareth Adams 0-0: Ball
1-0: Fly out, F7 (Flyball, 7D, EV 95.0 MPH)
Batting: RHB Jose Alegria 0-0: Swinging Strike
0-1: Foul Ball, location: 23F
0-2: Strikes out looking
Top of the 4th over - 0 runs, 1 hit, 0 errors, 2 left on base; New Orleans 0 - Nashville 3
BOTTOM OF THE 4TH
Nashville Sounds batting - Pitching for New Orleans Zephyrs : RHP Roberto Serrano
Batting: RHB Parker Sanburn Jr. 0-0: Ball
1-0: Fly out, F9 (Flyball, 9LM, EV 89.4 MPH)
Batting: RHB Kevin Hirst 0-0: Foul Ball, location: 9LDF
0-1: Swinging Strike
0-2: Foul Ball, location: 9LSF
0-2: SINGLE (Groundball, 4MD, EV 100.6 MPH)
Batting: LHB Chris West 0-0: Ball
1-0: Ball
2-0: Foul Ball, location: 2F
2-1: Swinging Strike
2-2: Foul Ball, location: 3F
2-2: Grounds into double play, 6-4-3 (Groundball, 6, EV 94.4 MPH)
Bottom of the 4th over - 0 runs, 1 hit, 0 errors, 0 left on base; New Orleans 0 - Nashville 3
TOP OF THE 5TH
New Orleans Zephyrs batting - Pitching for Nashville Sounds : RHP John Thrailkill
Batting: RHB Tyler Ebert 0-0: Called Strike
0-1: Ball
1-1: Swinging Strike
1-2: Strikes out swinging, 2-3 out at first.
Batting: RHB Bobby Palomo 0-0: Foul Ball, location: 2F
0-1: Foul Ball, location: 9LDF
0-2: Strikes out swinging
Batting: LHB Moises Aguirre 0-0: Fly out, F4 (Line Drive, 4M, EV 70.0 MPH)
Top of the 5th over - 0 runs, 0 hits, 0 errors, 0 left on base; New Orleans 0 - Nashville 3
BOTTOM OF THE 5TH
Nashville Sounds batting - Pitching for New Orleans Zephyrs : RHP Roberto Serrano
Batting: RHB Fred Horrocks 0-0: Ball
1-0: Foul Ball, location: 9LSF
1-1: Ball
2-1: Ground out 5-3 (Groundball, 56, EV 80.6 MPH)
Batting: LHB Steve Tocci 0-0: Ball
1-0: Foul Ball, location: 2F
1-1: Ball
2-1: Foul Ball, location: 2F
2-2: Strikes out swinging
Batting: LHB Mike Lucas 0-0: Called Strike
0-1: Swinging Strike
0-2: Foul Ball, location: 2F
0-2: Ball
1-2: Ball
2-2: Ball
3-2: SINGLE (Flyball, 4MD, EV 83.8 MPH)
Batting: RHB Dallas Lentz 0-0: Ball
1-0: Ball
2-0: Called Strike
2-1: Ball
3-1: Called Strike
3-2: Foul Ball, location: 23F
3-2: Fly out, F5 (Popup, 5SF, EV 71.9 MPH)
Bottom of the 5th over - 0 runs, 1 hit, 0 errors, 1 left on base; New Orleans 0 - Nashville 3
TOP OF THE 6TH
New Orleans Zephyrs batting - Pitching for Nashville Sounds : RHP John Thrailkill
Batting: RHB Eric DiFazio 0-0: Swinging Strike
0-1: Called Strike
0-2: Strikes out looking
Batting: RHB Willie Amaro 0-0: Foul Ball, location: 2F
0-1: Called Strike
0-2: Ball
1-2: Ball
2-2: Ball
3-2: SINGLE (Groundball, 56, EV 95.6 MPH)
Batting: LHB Jason Strong 0-0: Ball
Willie Amaro steals 2nd base
1-0: Ball
2-0: Ball
3-0: Base on Balls
Batting: LHB John Casco 0-0: Called Strike
0-1: Ball
1-1: Fly out, F6 (Popup, 6D, EV 49.4 MPH)
Batting: LHB Gareth Adams 0-0: Called Strike
0-1: Foul Ball, location: 7LMF
0-2: Foul Ball, location: 2F
0-2: Fly out, F6 (Popup, 6M, EV 68.8 MPH)
Top of the 6th over - 0 runs, 1 hit, 0 errors, 2 left on base; New Orleans 0 - Nashville 3
BOTTOM OF THE 6TH
Nashville Sounds batting - Pitching for New Orleans Zephyrs : RHP Roberto Serrano
Batting: SHB Aaron Champion 0-0: Called Strike
0-1: Ground out 4-3 (Groundball, 4D, EV 101.9 MPH)
Batting: RHB Freddy Dawson 0-0: Fly out, F7 (Flyball, 7, EV 91.9 MPH)
Batting: RHB Parker Sanburn Jr. 0-0: Ball
1-0: Called Strike
1-1: Ball
2-1: DOUBLE (Flyball, 8RD, EV 104.4 MPH)
Batting: RHB Kevin Hirst 0-0: Fly out, F8 (Flyball, 8RD, EV 95.6 MPH)
Bottom of the 6th over - 0 runs, 1 hit, 0 errors, 1 left on base; New Orleans 0 - Nashville 3
TOP OF THE 7TH
New Orleans Zephyrs batting - Pitching for Nashville Sounds : RHP John Thrailkill
Batting: RHB Jose Alegria 0-0: Swinging Strike
0-1: Called Strike
0-2: Ball
1-2: Strikes out swinging
Batting: RHB Tyler Ebert 0-0: Called Strike
0-1: Ball
1-1: Fly out, F9 (Flyball, 9S, EV 92.5 MPH)
Batting: RHB Bobby Palomo 0-0: Called Strike
0-1: Foul Ball, location: 2F
0-2: Ball
1-2: Ball
2-2: DOUBLE (Flyball, 8LXD, EV 100.0 MPH)
Batting: LHB Moises Aguirre 0-0: Called Strike
0-1: Ball
1-1: Ball
2-1: Fly out, F9 (Flyball, 89M, EV 90.0 MPH)
Top of the 7th over - 0 runs, 1 hit, 0 errors, 1 left on base; New Orleans 0 - Nashville 3
BOTTOM OF THE 7TH
Nashville Sounds batting - Pitching for New Orleans Zephyrs : RHP Roberto Serrano
Batting: LHB Chris West 0-0: Called Strike
0-1: Swinging Strike
0-2: Ball
1-2: SINGLE (Groundball, 3S, EV 69.4 MPH) (infield hit)
Batting: RHB Fred Horrocks 0-0: Foul Ball, location: 2F
0-1: Called Strike
0-2: Strikes out swinging
Batting: LHB Steve Tocci 0-0: Ball
1-0: Ball
2-0: Fly out, F6 (Line Drive, 6M, EV 68.8 MPH)
Pitching: LHP Frank Alvarez
Batting: LHB Mike Lucas 0-0: Ball
1-0: Called Strike
1-1: Foul Ball, location: 2F
1-2: Foul Ball, location: 7LSF
1-2: Ball
2-2: Ball
3-2: Fly out, F5 (Popup, 5SF, EV 65.0 MPH)
Bottom of the 7th over - 0 runs, 1 hit, 0 errors, 1 left on base; New Orleans 0 - Nashville 3
TOP OF THE 8TH
New Orleans Zephyrs batting - Pitching for Nashville Sounds : RHP John Thrailkill
Batting: RHB Eric DiFazio 0-0: Ball
1-0: Fly out, F9 (Flyball, 9LD, EV 103.8 MPH)
Batting: RHB Willie Amaro 0-0: Ball
1-0: Called Strike
1-1: Ball
2-1: SINGLE (Groundball, 4MD, EV 80.6 MPH) (infield hit)
Batting: LHB Jason Strong 0-0: Called Strike
0-1: Swinging Strike
0-2: Ball
1-2: Fielders Choice at 2nd, 3-6 (Groundball, 3, EV 91.9 MPH)
Batting: LHB John Casco 0-0: Ball
1-0: Foul Ball, location: 3DF
1-1: Foul Ball, location: 3FF
1-2: Fly out, F8 (Line Drive, 89D, EV 93.1 MPH)
Top of the 8th over - 0 runs, 1 hit, 0 errors, 1 left on base; New Orleans 0 - Nashville 3
BOTTOM OF THE 8TH
Nashville Sounds batting - Pitching for New Orleans Zephyrs : LHP Frank Alvarez
Pitching: RHP Robert Martinez
Batting: RHB Dallas Lentz 0-0: Called Strike
0-1: Ball
1-1: Foul Ball, location: 3DF
1-2: Ground out 6-3 (Groundball, 56, EV 89.4 MPH)
Batting: SHB Aaron Champion 0-0: Ball
1-0: Swinging Strike
1-1: Foul Ball, location: 2F
1-2: Foul Ball, location: 2F
1-2: DOUBLE (Line Drive, 7LD, EV 106.3 MPH)
Batting: RHB Freddy Dawson 0-0: Ball
1-0: Called Strike
1-1: Ball
2-1: Ball
3-1: Base on Balls
Batting: RHB Parker Sanburn Jr. 0-0: Ball
1-0: Foul Ball, location: 3FF
1-1: Ball
2-1: Ball
3-1: Foul Ball, location: 2LF
3-2: Base on Balls
Aaron Champion to third
Freddy Dawson to second
Batting: RHB Kevin Hirst 0-0: Swinging Strike
0-1: Grounds into fielders choice 4-2 (Groundball, 34, EV 89.4 MPH)
Freddy Dawson to third
Parker Sanburn Jr. to second
Batting: LHB Chris West 0-0: Ball
1-0: Ground out U3 (Groundball, 3, EV 103.8 MPH)
Bottom of the 8th over - 0 runs, 1 hit, 0 errors, 3 left on base; New Orleans 0 - Nashville 3
TOP OF THE 9TH
New Orleans Zephyrs batting - Pitching for Nashville Sounds : RHP John Thrailkill
Batting: LHB Gareth Adams 0-0: Ball
1-0: Ball
2-0: Ball
3-0: Base on Balls
Batting: RHB Jose Alegria 0-0: Called Strike
0-1: Called Strike
0-2: Strikes out swinging
Pinch Hitting: LHB Josh Broome 0-0: Ball
1-0: Foul Ball, location: 3F
1-1: Ball
2-1: Called Strike
2-2: Ball
3-2: Base on Balls
Gareth Adams to second
Pinch Hitting: RHB Josh Cole 0-0: Swinging Strike
0-1: Foul Ball, location: 9LMF
0-2: Strikes out swinging
Batting: LHB Moises Aguirre 0-0: Foul Ball, location: 7LDF
0-1: Foul Ball, location: 2F
0-2: Ball
1-2: Ball
2-2: Foul Ball, location: 3F
2-2: Strikes out swinging
Top of the 9th over - 0 runs, 0 hits, 0 errors, 2 left on base; New Orleans 0 - Nashville 3
Saturday, April 13th , 2024 - OOTP Baseball 24.11 Build 85